 Dungeon Crawl Stone Soup version 0.31-a0-358-gac0dbeb3ab (webtiles) character file.

Game seed: 2686222532999622264

63395 Newt the Mimic (level 14, -3/148 HPs)
             Began as a Purple Draconian Shapeshifter on July 25, 2023.
             Was the Champion of the Shining One.
             Slain by a death yak (18 damage)
             ... on level 5 of the Lair of Beasts.
             The game lasted 00:30:02 (28408 turns).

Newt the Mimic (Purple Draconian Shapeshifter)     Turns: 28408, Time: 00:30:02

Health: -3/148     AC: 10    Str: 31    XL:     14   Next: 67%
Magic:  18/18      EV: 19    Int: 10    God:    the Shining One [******]
Gold:   2296       SH:  0    Dex: 13    Spells: 13/13 levels left

rFire   + . .        c - melded +3 scythe (chaos)
rCold   + . .        (shield currently unavailable)
rNeg    + + +        (body armour unavailable)
rPois   .            (helmet currently unavailable)
rElec   .            (cloak currently unavailable)
rCorr   .            (gloves currently unavailable)
SInv    .            (boots currently unavailable)
Will    +++..        S - amulet of magic regeneration
Stlth   +            p - ring of Xaaxyfor {*Slow rF+ rC+ EV+5 Int+2}
HPRegen 0.44/turn    H - ring of Violer {Will+ Str+4 Stlth+}
MPRegen 0.56/turn

%: slow self (1%)
@: about to teleport, snake-form, glowing
A: constrict, boosted hp, (breathe power), AC +8, large, unfitting armour,
(cold-blooded)
a: Begin Untransformation, Renounce Religion, Divine Shield, Cleansing Flame,
Summon Divine Warrior, Brand Weapon With Holy Wrath


You were on level 5 of the Lair of Beasts.
You worshipped the Shining One.
The Shining One was exalted by your worship.
You were an enormous anaconda.
You visited 3 branches of the dungeon, and saw 19 of its levels.
You also visited: Ice Cave.

You collected 2619 gold pieces.
You spent 323 gold pieces at shops.

Inventory:

Hand Weapons
 c - a +3 scythe of chaos (melded)
 e - a +2 dagger of speed
 L - a +0 flail
Missiles
 d - 6 boomerangs
 q - 44 poisoned darts
 x - a throwing net
Armour
 f - a +2 cloak
 w - a +0 kite shield
 A - the +1 buckler "Cameh" {rC+ Dex+4}
   (You found it on level 6 of the Dungeon)

   Dex:       It affects your dexterity (+4).
   rC:        It protects you from cold.
 B - the scarf of Perpetual Drought {rC+ rF+, Stlth+}
   (You bought it in a shop on level 6 of the Dungeon)

   Stlth:     It makes you more stealthy.
Jewellery
 l - an amulet of the acrobat
 p - the ring of Xaaxyfor (left hand) {*Slow rF+ rC+ EV+5 Int+2}
   (You found it on level 3 of the Dungeon)

   [ring of evasion]

   EV:        It affects your evasion (+5).
   Int:       It affects your intelligence (+2).
   rF:        It protects you from fire.
   rC:        It protects you from cold.
   *Slow:     It may slow you when you take damage.
 C - a +6 ring of intelligence
 D - a +5 ring of evasion
 F - a ring of poison resistance
 H - the ring of Violer (right hand) {Will+ Str+4 Stlth+}
   (You found it on level 9 of the Dungeon)

   [ring of willpower]

   Str:       It affects your strength (+4).
   Will:      It increases your willpower.
   Stlth:     It makes you more stealthy.
 I - a +6 ring of intelligence
 O - the ring of Deheadil {rN+ rCorr}
   (You found it in an ice cave)

   [ring of resist corrosion]

   rN:        It protects you from negative energy.
   rCorr:     It protects you from acid and corrosion.
 S - an amulet of magic regeneration (around neck)
 T - a +6 ring of intelligence
 V - a ring of protection from fire
 W - a +4 ring of protection
 X - a +6 ring of strength
Talismans
 N - a beast talisman
 P - a serpent talisman
Wands
 b - a wand of roots (15)
 k - a wand of flame (66)
 u - a wand of paralysis (22)
 E - a wand of mindburst (8)
 R - a wand of acid (5)
Scrolls
 g - 3 scrolls of enchant armour
 h - 4 scrolls of fog
 j - 3 scrolls of teleportation
 n - 2 scrolls of summoning
 o - 2 scrolls of immolation
 s - 4 scrolls of noise
 v - 2 scrolls of amnesia
 y - 3 scrolls of vulnerability
 Y - a scroll of identify
Potions
 a - 5 potions of lignification
 i - 4 potions of degeneration
 m - a potion of cancellation
 t - a potion of curing
 z - 3 potions of mutation
 K - 5 potions of invisibility
 M - a potion of enlightenment
 Q - a potion of brilliance
Miscellaneous
 G - a phantom mirror
 J - a box of beasts (inert)
 U - a tin of tremorstones (2/2)


   Skills:
 + Level 11.4 Fighting
 - Level 3.0 Short Blades
 - Level 8.0 Polearms
 - Level 10.0 Dodging
 - Level 9.0 Unarmed Combat
 - Level 6.0 Invocations
 - Level 8.0 Evocations
 - Level 14.0 Shapeshifting


You had 13 spell levels left.
You didn't know any spells.
Your spell library contained the following spells:

 Spells                   Type           Power      Damage    Failure   Level
 Blink                    Tloc           0%         N/A       50%         2
 Cigotuvi's Dreadful Rot  Necr/Pois/Air  0%         N/A       50%         2
 Lesser Beckoning         Tloc           0%         N/A       50%         2
 Momentum Strike          Conj/Tloc      0%         3d8       50%         2
 Sublimation of Blood     Necr           0%         N/A       50%         2
 Wereblood                Tmut           0%         N/A       50%         2
 Gell's Gravitas          Tloc           0%         N/A       75%         3
 Ignite Poison            Fire/Tmut/Pois 0%         N/A       75%         3
 Ozocubu's Armour         Ice            0%         N/A       75%         3
 Teleport Other           Tloc           0%         N/A       75%         3
 Tukima's Dance           Hex            0%         N/A       75%         3
 Cause Fear               Hex            0%         N/A       98%         4
 Passage of Golubria      Tloc           0%         N/A       98%         4
 Sticky Flame             Conj/Fire      0%         2d3       98%         4
 Summon Ice Beast         Ice/Summ       0%         N/A       98%         4
 Fireball                 Conj/Fire      0%         3d3       100%        5
 Freezing Cloud           Conj/Ice/Air   0%         6-21      100%        5
 Summon Mana Viper        Hex/Summ       0%         N/A       100%        5
 Yara's Violent Unravell  Hex/Tmut       0%         3d3       100%        5
 Dispersal                Tloc           0%         N/A       100%        6
 Monstrous Menagerie      Summ           0%         N/A       100%        7
 Ozocubu's Refrigeration  Ice            0%         4d7       100%        7
 Summon Hydra             Summ           0%         N/A       100%        7
 Ignition                 Fire           0%         3d3       100%        8
 Dragon's Call            Summ           0%         N/A       100%        9


Dungeon Overview and Level Annotations

Branches:
Dungeon (13/15)            Temple (1/1) D:5            Lair (5/5) D:8
  Swamp (0/4) Lair:2        Snake (0/4) Lair:3        Slime (0/5) Lair:4
    Orc (0/2) D:10          IceCv (visited)
 Vaults: D:13-14

Altars:
Ashenzari
Cheibriados
Dithmenos
Elyvilon
Fedhas
Gozag
Hepliaklqana
Kikubaaqudgha
Makhleb
Nemelex Xobeh
Okawaru
Qazlal
Ru
Sif Muna
Trog
Uskayaw
Vehumet
Wu Jian
Xom
Yredelemnul
Zin
The Shining One
Jiyva

Shops:
D:6 =*


Innate Abilities, Weirdness & Mutations

You are an enormous anaconda.
You have a powerful constriction melee attack.
Your maximum health is increased.
Your armour is entirely melded.
You are incapable of wielding weapons or throwing items.
((You can breathe bolts of dispelling energy.))
((Your rich purple scales are hard. (AC +8)))
You cannot fit into any form of body armour.
((You are cold-blooded and may be slowed by cold attacks.))


Message History

* * * LOW HITPOINT WARNING * * *
The eight-headed hydra bites you!
* * * LOW HITPOINT WARNING * * *
The eight-headed hydra bites you.
* * * LOW HITPOINT WARNING * * *
The eight-headed hydra misses you. The eight-headed hydra bites you!
* * * LOW HITPOINT WARNING * * *
The komodo dragon attacks as you move away!
The komodo dragon bites you but does no damage.
Unknown command.
Your surroundings suddenly seem different. 5 death yaks come into view.
Found a runed hand crossbow and a whip.
The yak bellows!
The death yak bellows! x2
The death yak gores you!
* * * LOW HITPOINT WARNING * * *
The yak misses you.
Okay, then.
You open the lid... ...and a mature oxshock beast leaps out!
The box is emptied!
The death yak gores you but does no damage.
The yak closely misses you.
Unknown command.
The death yak attacks as you move away! The death yak gores you.
* * * LOW HITPOINT WARNING * * *
Your mature oxshock beast hits the death yak!!
Your mature oxshock beast barely misses the death yak.
The death yak gores your mature oxshock beast!!
You feel much better. The yak barely misses you.
Your mature oxshock beast hits the death yak!
Your mature oxshock beast tramples the death yak but does no damage.
The death yak gores you but does no damage.
The death yak gores you!!
* * * LOW HITPOINT WARNING * * *
The death yak gores your mature oxshock beast!
As you read the scroll of teleportation, it crumbles to dust.
You feel strangely unstable. The death yak closely misses you.
The death yak gores you!!
You die...

###....#. ........#### .
##.......# ........####
..#........## .........##.
......).....# #...........
............# #...........
........Y...#
...........รท
..)......H..# #...........
......YYYY..#.............
.......YYS................
.##..##...................
####..............###...
...# ###............ #...
.... #........... #....
... .......... ##P.. ..
.......... P... #
........... #P... # ##...


You could see 5 death yaks, 2 yaks and a friendly mature oxshock beast
(summoned).

Vanquished Creatures
  A reaper (IceCv)
  The ghost of SirDiesAlot the Gelid, a journeyman OpSh of Cheibriados (Lair:3)
  A great orb of eyes (Lair:3)
  4 hydras
  2 catoblepae (Lair:5)
  The ghost of Urgle the Fighter, a novice MiBe of Trog (D:9)
  A centaur warrior (D:13)
  2 boulder beetles
  A tengu warrior (D:13)
  A two-headed ogre (D:9)
  15 death yaks
  A fire crab (D:13)
  A skyshark (Lair:5)
  The ghost of Cetrigux the Jinx, a novice SpEn of Kikubaaqudgha (Lair:1)
  A bog body (Lair:4)
  2 deep elf pyromancers (D:12)
  An orc knight (D:10)
  2 ugly things (D:13)
  3 manticores
  A will-o-the-wisp (Lair:2)
  An ice statue (IceCv)
  Maurice (D:11)
  18 elephants
  A gargoyle (D:12)
  4 black mambas
  2 unseen horrors
  A kobold demonologist (D:12)
  14 cane toads
  4 rime drakes
  3 anaconda simulacra (IceCv)
  10 komodo dragons
  5 trolls
  2 hornets (D:9)
  2 polar bears (Lair:4)
  15 blink frogs
  A culicivora (shapeshifter) (D:13)
  3 slime creatures (Lair:3)
  Sigmund (D:3)
  40 yaks
  3 wyverns
  2 basilisks
  2 wraiths
  6 death yak simulacra
  5 vampire mosquitoes
  4 steam dragons
  4 harpy simulacra
  2 nagas (Lair:3)
  12 water moccasins
  8 orc warriors
  2 ice beasts
  2 black bears
  3 sky beasts
  3 centaurs
  6 wolves
  A phantom (D:5)
  10 bullfrogs
  2 kobold brigands (D:8)
  4 cane toad simulacra
  2 gnoll sergeants
  4 two-headed ogre simulacra
  19 killer bees
  6 howler monkeys
  4 electric eels
  5 jellies
  Crazy Yiuf (D:4)
  8 orc priests
  6 hounds
  2 sleepcaps
  2 gnoll boudas
  2 iguanas (D:5)
  11 orc wizards
  6 spriggan simulacra (IceCv)
  6 wolf simulacra (IceCv)
  3 polar bear simulacra
  9 troll simulacra
  17 gnolls
  5 adders
  3 naga simulacra (IceCv)
  2 shadow imps (D:7)
  8 white imps (IceCv)
  6 ufetubi (IceCv)
  6 worms
  2 dart slugs
  43 orcs
  11 ball pythons
  9 endoplasms
  3 giant cockroaches
  14 goblins
  7 hobgoblins
  3 jackals (D:3)
  5 quokkas
  6 bats
  7 frilled lizards
  15 kobolds
  6 rats
526 creatures vanquished.

Vanquished Creatures (others)
  2 foxfires (Lair:2)
2 creatures vanquished.

Grand Total: 528 creatures vanquished

Notes
Turn   | Place    | Note
-------+----------+-------------------------------------------
     0 | D:1      | Newt the Draconian Shapeshifter began the quest for the
                  | Orb.
     0 | D:1      | Reached XP level 1. HP: 16/16 MP: 1/1
   124 | D:1      | Reached XP level 2. HP: 25/25 MP: 2/2
   213 | D:1      | Found a faded altar of an unknown god.
   897 | D:1      | You fall into a shaft and drop 1 floor!
   950 | D:2      | Reached XP level 3. HP: 21/31 MP: 3/3
  1433 | D:2      | Reached skill level 1 in Short Blades
  1506 | D:3      | Reached XP level 4. HP: 33/40 MP: 4/4
  1559 | D:3      | Noticed Sigmund
  1569 | D:3      | Killed Sigmund
  1570 | D:3      | Reached XP level 5. HP: 46/46 MP: 5/5
  1755 | D:3      | Reached skill level 4 in Shapeshifting
  2123 | D:3      | Identified the ring of Xaaxyfor {*Slow rF+ rC+ EV+5 Int+2}
  2134 | D:3      | Reached XP level 6. HP: 51/52 MP: 6/6
  2500 | D:4      | Found a runed translucent door.
  2501 | D:4      | Noticed Crazy Yiuf
  2542 | D:4      | Noticed a sky beast
  2545 | D:4      | Killed a sky beast
  3246 | D:4      | Killed Crazy Yiuf
  3247 | D:4      | Reached skill level 5 in Shapeshifting
  3408 | D:5      | Entered Level 5 of the Dungeon
  3408 | D:5      | Found a blossoming altar of Fedhas.
  3413 | D:5      | Found a stormy altar of Qazlal.
  3443 | D:5      | Noticed an ice beast
  3461 | D:5      | Killed an ice beast
  3462 | D:5      | Your scales start taking on a rich purple colour.
  3462 | D:5      | Reached XP level 7. HP: 37/59 MP: 7/7
  3660 | D:5      | Reached skill level 1 in Polearms
  3834 | D:5      | Found a staircase to the Ecumenical Temple.
  3851 | Temple   | Entered the Ecumenical Temple
  3867 | Temple   | Became a worshipper of the Shining One
  4408 | D:6      | Reached XP level 8. HP: 66/66 MP: 8/8
  4432 | D:6      | Reached skill level 6 in Shapeshifting
  5211 | D:6      | Reached skill level 7 in Shapeshifting
  5463 | D:6      | Found an opulent altar of Gozag.
  5479 | D:6      | Found Nicoamah's Jewellery Shop.
  5531 | D:6      | Identified the +1 buckler "Cameh" {rC+ Dex+4}
  5640 | D:6      | Reached skill level 8 in Shapeshifting
  5753 | D:6      | Found Pigar's Assorted Antiques.
  5771 | D:6      | Reached * piety under the Shining One
  5778 | D:6      | Reached XP level 9. HP: 71/71 MP: 9/9
  5792 | D:6      | Bought a faintly glowing scarf for 190 gold pieces
  5792 | D:6      | Identified the scarf of Perpetual Drought {rC+ rF+, Stlth+}
                  | (You bought it in a shop on level 6 of the Dungeon)
  5792 | D:6      | Bought a scroll labelled EWNUDE GUNUYTTUG for 19 gold
                  | pieces
  5792 | D:6      | Bought a scroll labelled PISTRE EHUADIZI for 19 gold pieces
  5792 | D:6      | Bought a glowing bronze ring for 95 gold pieces
  6475 | D:7      | Identified the +4 dagger of Hugetina {drain, Str+3 Dex-3
                  | Stlth+}
  6671 | D:7      | Reached skill level 9 in Shapeshifting
  6701 | D:7      | Reached skill level 1 in Evocations
  6802 | D:8      | Noticed a death yak
  6802 | D:8      | Noticed a death yak
  6802 | D:8      | Noticed a death yak
  6802 | D:8      | Noticed a death yak
  6802 | D:8      | Noticed a death yak
  6802 | D:8      | Noticed a death yak
  6802 | D:8      | Noticed a death yak
  6802 | D:8      | Noticed a death yak
  6805 | D:8      | Noticed a death yak
  6805 | D:8      | Noticed a death yak
  7126 | D:7      | Killed a death yak
  7486 | D:8      | Found a radiant altar of Vehumet.
  7507 | D:8      | Reached skill level 5 in Polearms
  7555 | D:9      | Reached XP level 10. HP: 51/78 MP: 10/10
  7879 | D:9      | Found a basalt altar of Yredelemnul.
  8133 | D:9      | Found a runed translucent door.
  8134 | D:9      | Noticed Urgle's ghost (novice MiBe)
  8150 | D:9      | Reached skill level 5 in Fighting
  8201 | D:9      | Killed Urgle's ghost
  8203 | D:9      | Identified the ring of Violer {Will+ Str+4 Stlth+}
  8531 | D:9      | Noticed a moth of wrath
  8533 | D:9      | Found a bloodstained altar of Trog.
  9021 | D:10     | Entered Level 10 of the Dungeon
  9024 | D:10     | Found an iron altar of Okawaru.
  9060 | D:10     | Reached ** piety under the Shining One
  9067 | D:10     | Noticed a two-headed ogre
  9881 | D:9      | Killed a two-headed ogre
  9882 | D:9      | Reached skill level 5 in Dodging
 10201 | D:10     | Noticed an orc knight
 10409 | D:10     | Killed an orc knight
 10510 | D:10     | Reached XP level 11. HP: 56/94 MP: 11/11
 11071 | D:10     | Found a sparkling altar of Nemelex Xobeh.
 11176 | D:10     | Found a staircase to the Orcish Mines.
 11316 | D:11     | Reached skill level 10 in Shapeshifting
 11806 | D:11     | Noticed Maurice
 11812 | D:11     | Killed Maurice
 12534 | D:12     | Noticed a deep elf pyromancer
 12540 | D:12     | Killed a deep elf pyromancer
 12541 | D:12     | Reached skill level 11 in Shapeshifting
 12819 | D:12     | Noticed a deep elf pyromancer
 12825 | D:12     | Killed a deep elf pyromancer
 13277 | D:12     | Found a shimmering blue altar of Sif Muna.
 13290 | D:12     | Reached skill level 12 in Shapeshifting
 13426 | D:12     | Noticed a boulder beetle
 13441 | D:12     | Killed a boulder beetle
 13961 | D:13     | Noticed a tengu warrior
 13969 | D:13     | Reached *** piety under the Shining One
 13974 | D:13     | Killed a tengu warrior
 13978 | D:13     | Reached skill level 5 in Unarmed Combat
 14312 | D:13     | Noticed a green ugly thing
 14318 | D:13     | Noticed a purple ugly thing
 14321 | D:13     | Killed a green ugly thing
 14322 | D:13     | Reached XP level 12. HP: 98/101 MP: 12/12
 14626 | D:13     | Noticed a centaur warrior
 14679 | D:13     | Noticed a centaur warrior
 14766 | D:13     | Killed a centaur warrior
 14783 | D:13     | Noticed a death knight
 14789 | D:13     | Noticed a boulder beetle
 14975 | D:13     | Noticed an eight-headed hydra
 14975 | D:13     | Noticed a fire giant
 15329 | D:8      | Found a snail-covered altar of Cheibriados.
 15518 | D:8      | Killed a death yak
 15746 | D:7      | Killed a death yak
 15801 | D:7      | Killed a death yak
 15808 | D:7      | Killed a death yak
 15967 | D:7      | Killed a death yak
 15968 | D:7      | Reached skill level 5 in Evocations
 15971 | D:7      | Killed a death yak
 16317 | D:7      | Killed a death yak
 16323 | D:7      | Killed a death yak
 16331 | D:7      | Killed a death yak
 16654 | D:8      | Found a staircase to the Lair.
 17314 | Lair:1   | Entered Level 1 of the Lair of Beasts
 17515 | Lair:1   | Found a runed translucent door.
 17521 | Lair:1   | Noticed Cetrigux's ghost (novice SpEn)
 17561 | Lair:1   | Reached skill level 1 in Invocations
 17620 | Lair:1   | Killed Cetrigux's ghost
 18073 | Lair:1   | Reached skill level 5 in Invocations
 18119 | Lair:1   | Identified a scroll of acquirement
 18119 | Lair:1   | Acquired 974 gold pieces
 18276 | Lair:1   | Reached XP level 13. HP: 107/107 MP: 16/16
 18557 | Lair:2   | Reached **** piety under the Shining One
 18729 | Lair:2   | Found a staircase to the Swamp.
 18785 | Lair:2   | Identified the +2 robe "Zykas" {*Corrode rN+++ Regen+}
 18911 | Lair:2   | Found a frozen archway.
 19025 | IceCv    | Entered an ice cave
 19155 | IceCv    | Reached ***** piety under the Shining One
 19944 | IceCv    | Reached ****** piety under the Shining One
 20390 | IceCv    | Reached skill level 13 in Shapeshifting
 20491 | IceCv    | Noticed a reaper
 20510 | IceCv    | Killed a reaper
 20649 | IceCv    | Identified the ring of Deheadil {rN+ rCorr}
 22130 | Lair:3   | Reached skill level 14 in Shapeshifting
 22260 | Lair:3   | Found a blossoming altar of Fedhas.
 22508 | Lair:3   | Found a staircase to the Snake Pit.
 23399 | Lair:3   | Found a runed translucent gate.
 23400 | Lair:3   | Found a runed translucent gate.
 23400 | Lair:3   | Found a runed translucent gate.
 23401 | Lair:3   | Noticed SirDiesAlot's ghost (journeyman OpSh)
 23404 | Lair:3   | Found a viscous altar of Jiyva.
 24093 | Lair:3   | Killed SirDiesAlot's ghost
 24664 | Lair:4   | Found a viscous altar of Jiyva.
 24664 | Lair:4   | Found a staircase to the Slime Pits.
 24806 | Lair:4   | Reached XP level 14. HP: 66/115 MP: 18/18
 25610 | Lair:4   | Identified the +6 scale mail "Geno" {-Cast Str+5 Dex+4}
 26150 | Lair:4   | Reached skill level 10 in Dodging
 26830 | Lair:5   | Entered Level 5 of the Lair of Beasts
 27691 | Lair:5   | Reached skill level 10 in Fighting
 28053 | Lair:5   | HP: 4/146 [yak (9)]
 28055 | Lair:5   | HP: 1/146 [yak (9)]
 28403 | Lair:5   | HP: 7/148 [death yak (17)]
 28408 | Lair:5   | Slain by a death yak

Illustrated notes

Levels and vault maps discovered:
D:1:      kennysheep_arrival_forest, layout_basic,
          shapermc_ecumenical_altar_petra
D:2:      layout_rooms, st_stairs_3, chequers_mini_garden
D:3:      layout_basic, uniq_sigmund
D:4:      layout_loops_ring, uniq_crazy_yiuf_cottage
D:5:      layout_basic, grunt_temple_overflow_forces_of_nature,
          minmay_temple_entry_glass, serial_curves, eino_curves_02,
          eino_curves_02, eino_curves_02
D:6:      layout_loops_ring, nicolae_gozag_cash_rules_everything_around_me,
          serial_shops, nicolae_shop_peninsula, shop,
          chequers_serial_rivers_micro_e,
          nicolae_concentric_dashed_squares_mild, minmay_misc_feat_tower,
          minmay_door_square
D:7:      layout_loops_cross, grunt_decor_mini_mirrors
D:8:      layout_layer_cave, lemuel_doored_altar, kennysheep_little_box,
          dpeg_lair_monsters
D:9:      layout_cave_pods, tgw_trog, nicolae_overflow_crystal_walls,
          gammafunk_ghost_grave
D:10:     layout_irregular_city, mainiacjoe_overflow_alcove_4,
          mainiacjoe_overflow_cross_hatched, erik_orc_2
D:11:     layout_roguey, minmay_splitting_lines, minmay_gold_behind_fungi,
          uniq_maurice
D:12:     layout_basic, nicolae_sif_muna_condensation
D:13:     minmay_the_grid_square_5x5_5x5_mashed
          [minmay_the_grid_square_5x5_beaten_path,
          minmay_the_grid_square_5x5_comb, minmay_the_grid_square_5x5_bracketed,
          minmay_the_grid_square_5x5_two_walls_a,
          minmay_the_grid_square_5x5_detours,
          minmay_the_grid_square_5x5_minimal,
          minmay_the_grid_square_5x5_prize_itemx, minmay_the_grid_square_5x5_c,
          minmay_the_grid_square_5x5_prize_deathbox,
          minmay_the_grid_square_5x5_six, minmay_the_grid_square_5x5_dogpile,
          minmay_the_grid_square_5x5_tie, minmay_the_grid_square_5x5_prize_gold,
          minmay_the_grid_square_5x5_tri_point,
          minmay_the_grid_square_5x5_three, minmay_the_grid_square_5x5_inner_z,
          minmay_the_grid_square_5x5_prize_monsterx,
          minmay_the_grid_square_5x5_bite,
          minmay_the_grid_square_5x5_prize_snowflake,
          minmay_the_grid_square_5x5_checkered, minmay_the_grid_square_5x5_two,
          minmay_the_grid_square_5x5_inner_v,
          minmay_the_grid_square_5x5_six_small,
          minmay_the_grid_square_5x5_hollow_slash,
          minmay_the_grid_square_5x5_sharp_hourglass], layout_basic, uniq_sonja
Temple:   oiseaux_autumnal_temple
Lair:1:   layout_cave_pods, hellmonk_ghost_happy_afterlife
Lair:2:   layout_roguey, minmay_swamp_entry_wisps,
          portal_ice_cave_entry_ice_simulacra, serial_bayou_shore_b,
          infiniplex_staircase_pool_2
Lair:3:   layout_layer_cave, guppyfry_snake_entry_island, basic_altar,
          gammafunk_ghost_ooze, serial_bayou_shore_a, grunt_megastairs_5
Lair:4:   dreamdust_isle_of_ice, layout_gridlike, nicolae_slime_entry_slimehenge
Lair:5:   evilmike_catoblepas_cave, layout_cellular_growth

Skill      XL: |  1  2  3  4  5  6  7  8  9 10 11 12 13 14 |
---------------+-------------------------------------------+-----
Fighting       | 2 3 4 8 11 | 11.4
Short Blades   | 1 3 |  3.0
Shapeshifting  | 4 5 8 9 12 14 | 14.0
Dodging        | 3 4 6 8 10 | 10.0
Polearms       | 3 7 8 |  8.0
Evocations     | 4 8 |  8.0
Unarmed Combat | 5 9 |  9.0
Invocations    | 5 6 |  6.0

Action                     |  1- 3 |  4- 6 |  7- 9 | 10-12 | 13-15 || total
---------------------------+-------+-------+-------+-------+-------++-------
  Melee: Unarmed           |    75 |       |       |   256 |   638 ||   969
         Tailslap          |    14 |    15 |    28 |    25 |       ||    82
         Punch             |     5 |       |       |       |       ||     5
         Dagger            |    35 |     7 |       |       |       ||    42
         Halberd           |       |   103 |   201 |   215 |       ||   519
         Constrict         |       |       |       |    60 |   148 ||   208
  Throw: Throwing net      |       |       |       |     1 |       ||     1
Ability: Breathe Dispellin |       |       |     6 |     2 |       ||     8
  Evoke: Wand              |       |       |     2 |     1 |     6 ||     9
         Phantom mirror    |       |       |       |     1 |     1 ||     2
         Box of beasts     |       |       |       |       |     1 ||     1
    Use: Scroll            |     5 |     5 |     6 |     9 |     4 ||    29
         Potion            |       |     2 |     1 |     2 |     7 ||    12
   Stab: Sleeping          |     1 |     2 |       |       |       ||     3
 Armour: Skin              |    19 |    28 |    36 |    81 |   190 ||   354
  Dodge: Dodged            |    56 |    65 |   170 |   360 |   464 ||  1115
   Form: Anaconda          |       |       |       |     1 |       ||     1

Table legend: (Time is in decaauts)
 A = Elapsed time spent in this place.
 B = Non-inter-level travel time spent in this place.
 C = Inter-level travel time spent in this place.
 D = Time resting spent in this place.
 E = Time spent auto-exploring this place.
 F = Levels seen in this place.
 G = Mean time per level.
                   A        B        C        D        E       F      G
               +--------+--------+--------+--------+--------+-----+--------+
         Total |  28403 |  27450 |    953 |  10056 |  13786 |  20 | 1420.2 |
       Dungeon |  17402 |  16677 |    725 |   5345 |   9177 |  13 | 1338.6 |
        Temple |     32 |      1 |     31 |      0 |      0 |   1 |   32.0 |
          Lair |   8960 |   8763 |    197 |   3404 |   4147 |   5 | 1792.0 |
      Ice Cave |   2007 |   2007 |      0 |   1307 |    462 |   1 | 2007.0 |
               +--------+--------+--------+--------+--------+-----+--------+

Top non-repeatable levels by time:
  Lair:3: 2996 daAuts
    D:12: 2490 daAuts
  Lair:4: 2355 daAuts
     D:9: 2183 daAuts
     D:7: 2123 daAuts
   IceCv: 2007 daAuts
    D:11: 1720 daAuts
     D:5: 1619 daAuts
     D:8: 1439 daAuts
  Lair:1: 1231 daAuts
  Lair:2: 1197 daAuts
     D:6: 1188 daAuts
  Lair:5: 1178 daAuts
    D:10: 1034 daAuts
     D:1: 985 daAuts
